 Dungeon Crawl Stone Soup version 0.30.0-5-g1a98f26d00 (webtiles) character file.

Game seed: 12553290055274560053

134 GigaChad the Shield-Bearer (level 5, -12/42 HPs)
             Began as a Formicid Fighter on May 12, 2023.
             Mangled by an ogre
             ... wielding a +0 giant spiked club
              (24 damage)
             ... on level 4 of the Dungeon.
             The game lasted 00:03:59 (2657 turns).

GigaChad the Shield-Bearer (Formicid Fighter)       Turns: 2657, Time: 00:04:00

Health: -12/42     AC: 11    Str: 23    XL:     5   Next: 40%
Magic:  5/5        EV:  6    Int:  7    God:
Gold:   131        SH:  6    Dex: 13    Spells: 4/4 levels left

rFire   . . .        a - +0 war axe
rCold   . . .        c - +1 buckler
rNeg    . . .        r - +0 plate armour
rPois   .            (helmet unavailable)
rElec   .            (no cloak)
rCorr   .            (no gloves)
SInv    +            (no boots)
Will    .....        (no amulet) Stlth
                     (no ring)
HPRegen 0.27/turn    (no ring)
MPRegen 0.09/turn

%: no passive effects
@: no status effects
A: permanent stasis, dig shafts and tunnels, antennae 3, four strong arms
a: Dig, Shaft Self


You were on level 4 of the Dungeon.
You visited 1 branch of the dungeon, and saw 4 of its levels.

You collected 131 gold pieces.

Inventory:

Hand Weapons
 a - a +0 war axe (weapon)
Armour
 b - a +0 scale mail
 c - a +1 buckler (worn)
 r - a +0 plate armour (worn)
Jewellery
 g - a ring of ice
 j - a ring of magical power
 k - a ring of flight
Scrolls
 h - 2 scrolls of teleportation
 i - 2 scrolls of amnesia
 n - 3 scrolls of identify
 o - 2 scrolls of fear {unknown}
 p - a scroll of brand weapon {unknown}
 q - a scroll of magic mapping {unknown}
Potions
 d - 3 potions of might
 e - 3 potions of curing {unknown}
 f - 2 potions of haste {unknown}
 l - a potion of flight {unknown}
 m - 2 potions of mutation {unknown}
 s - a potion of attraction {unknown}
 t - a potion of cancellation {unknown}


   Skills:
 * Level 4.0 Fighting
 * Level 3.6 Axes
 * Level 4.1 Armour
 - Level 0.1 Dodging
 * Level 4.8 Shields


You had 4 spell levels left.
You didn't know any spells.
Your spell library contained the following spells:

 Spells                   Type           Power      Damage    Failure   Level
 Magic Dart               Conj           0%         1d3       100%        1
 Summon Small Mammal      Summ           0%         N/A       100%        1
 Call Imp                 Summ           0%         N/A       100%        2
 Ensorcelled Hibernation  Hex/Ice        0%         N/A       100%        2
 Lesser Beckoning         Tloc           0%         N/A       100%        2
 Momentum Strike          Conj/Tloc      0%         3d8       100%        2
 Passwall                 Tmut/Erth      0%         N/A       100%        2
 Call Canine Familiar     Summ           0%         N/A       100%        3
 Mephitic Cloud           Conj/Pois/Air  0%         N/A       100%        3
 Summon Guardian Golem    Hex/Summ       0%         N/A       100%        3
 Malign Gateway           Summ/Tloc      0%         N/A       100%        7
 Summon Horrible Things   Summ           0%         N/A       100%        8
 Blink                    Tloc           Unusable   N/A       N/A         2
 Swiftness                Air            Unusable   N/A       N/A         3

Dungeon Overview and Level Annotations

Branches:
Dungeon (4/15)
 Temple: D:4-7

Altars:
Dithmenos


Innate Abilities, Weirdness & Mutations

You cannot be hasted, slowed, berserked, paralysed or teleported.
You can dig through walls and to a lower floor.
You have a pair of large antennae on your head. (SInv)
Your four strong arms can wield two-handed weapons with a shield.


Message History

The ufetubus hits you but does no damage.
You block the ufetubus's attack.
The ufetubus hits you but does no damage. x2
Unknown command.
You slash the ufetubus!
You kill the ufetubus!
No target in view!
HP restored.
An ogre comes into view. It is wielding a +0 giant spiked club.
Found a purple potion.
The ogre shouts!
An ogre is nearby!
An ogre is nearby!
An ogre is nearby!
Found 20 gold pieces.
A scorpion comes into view.
A hobgoblin comes into view.
You hit the ogre.
The ogre is lightly wounded.
The ogre hits you with a +0 giant spiked club!
You slash the ogre!
The ogre is heavily wounded.
The ogre hits you with a +0 giant spiked club!
* * * LOW HITPOINT WARNING * * *
You are too injured to fight recklessly!
You are too injured to fight recklessly!
You are too injured to fight recklessly!
You are too injured to fight recklessly!
You are too injured to fight recklessly!
You are too injured to fight recklessly!
You are too injured to fight recklessly!
You are too injured to fight recklessly!
You are too injured to fight recklessly!
You are too injured to fight recklessly!
You are too injured to fight recklessly!
You are too injured to fight recklessly!
You slash the ogre!
The ogre is almost dead.
The ogre hits you with a +0 giant spiked club!!
Ouch! That really hurt!
You die...

#.........#
#.........#
...
##.........#
...
...........#
...{
###...†...#
#.#
##$##......#
#.#
#...#......#
#.#
#..####.###'##
#...#@#
#....<.# ##.
#O# #......# #


gs# #......# .............# ##..####......# .!.. ...#+#.## #...#...# #.#
##..#.#.# #.# You could see an ogre, a scorpion and a hobgoblin.

Vanquished Creatures
  3 adders (D:3)
  An ufetubus (D:4)
  3 worms
  4 dart slugs
  5 orcs
  5 endoplasms
  7 giant cockroaches
  4 goblins
  6 hobgoblins
  6 jackals
  5 kobolds
  2 quokkas
  9 ball pythons
  5 bats
  6 frilled lizards
  6 rats
77 creatures vanquished.

Notes
Turn   | Place    | Note
-------+----------+-------------------------------------------
     0 | D:1      | GigaChad the Formicid Fighter began the quest for the Orb.
     0 | D:1      | Reached XP level 1. HP: 18/18 MP: 1/1
   119 | D:1      | Reached XP level 2. HP: 22/24 MP: 2/2
   296 | D:1      | Reached XP level 3. HP: 29/29 MP: 3/3
  1055 | D:2      | Reached XP level 4. HP: 37/37 MP: 4/4
  1691 | D:2      | Found a shadowy altar of Dithmenos.
  1876 | D:3      | Reached XP level 5. HP: 42/42 MP: 5/5
  2652 | D:4      | Noticed an ogre
  2657 | D:4      | Mangled by an ogre

Illustrated notes

Levels and vault maps discovered:
D:1:      minmay_arrival_semitransparent, layout_basic
D:2:      minmay_recursive_quarters, layout_basic, basic_altar
D:3:      layout_basic
D:4:      layout_basic, serial_shops, shop, minmay_ruptured, uniq_duvessa,
          uniq_menkaure

Skill      XL: |  1  2  3  4  5 |
---------------+----------------+-----
Axes           | 3 |  3.6
Armour         | 4 |  4.1
Fighting       | 4 |  4.0
Dodging        | |  0.1
Shields        | |  4.8

Action                     |  1- 3 |  4- 6 || total
---------------------------+-------+-------++-------
  Melee: War axe           |    97 |   107 ||   204
    Use: Scroll            |     2 |     1 ||     3
 Armour: Scale mail        |    46 |    21 ||    67
         Plate armour      |       |    49 ||    49
  Dodge: Dodged            |    36 |    44 ||    80
  Block: Buckler           |    24 |    46 ||    70
